 Dungeon Crawl Stone Soup version 0.24.1-8-ga250c9d538 (webtiles) character file.

Game seed: 8254446231923467840, levelgen mode: deterministic

1545 Gwenloh the Geomancer (level 8, -5/69 HPs)
             Began as a Deep Dwarf Earth Elementalist on May 9, 2020.
             Was an Elder of Vehumet.
             Slain by a wyvern zombie (12 damage)
             ... in an ossuary.
             The game lasted 00:35:28 (5735 turns).

Gwenloh the Geomancer (DDEE)                        Turns: 5735, Time: 00:35:28

Health: -5/69      AC:  5    Str: 11    XL:     8   Next: 56%
Magic:  1/10       EV: 14    Int: 19    God:    Vehumet [****..]
Gold:   346        SH:  0    Dex: 13    Spells: 1/14 levels left

rFire    . . .     SeeInvis .   o - +2 whip (drain)
rCold    . . .     Gourm    .   (no shield)
rNeg     . . .     Faith    .   c - +0 robe
rPois    .         Spirit   .   f - +2 helmet
rElec    .         Reflect  .   (no cloak)
rCorr    .         Harm     .   (no gloves)
MR       +....                  (no boots)
Stlth    ++........             (no amulet)
HPRegen  0.00/turn              (no ring)
MPRegen  0.12/turn              (no ring)

@: non-regenerating
A: damage resistance, heal wounds, sense surroundings 1, no regeneration
a: Heal Wounds, Renounce Religion


You were in an ossuary.
You worshipped Vehumet.
Vehumet was greatly pleased with you.
You were not hungry.

You visited 1 branch of the dungeon, and saw 6 of its levels.
You also visited: Ossuary.

You collected 346 gold pieces.

Inventory:

Hand Weapons
 e - a +0 short sword
 o - a +2 whip of draining (weapon)
Missiles
 r - 81 stones
 s - a boomerang (quivered)
 x - 3 poisoned darts
Armour
 c - a +0 robe (worn)
 f - a +2 helmet (worn)
 l - a +0 leather armour
 t - a +0 buckler
Jewellery
 m - an uncursed ring of protection from magic
Scrolls
 a - a scroll of random uselessness {unknown}
 g - 2 scrolls of teleportation
 h - 7 scrolls of identify
 k - 2 scrolls of remove curse {unknown}
 p - 2 scrolls of enchant weapon {unknown}
 v - a scroll of blinking {unknown}
 y - a scroll of amnesia {unknown}
Potions
 b - a potion of cancellation {unknown}
 i - 2 potions of lignification {unknown}
 j - 4 potions of heal wounds {unknown}
 n - a potion of degeneration {unknown}
 q - 5 potions of curing
 u - a potion of ambrosia {unknown}
 w - 2 potions of brilliance {unknown}
 z - a potion of invisibility {unknown}
Comestibles
 d - 4 rations


   Skills:
 + Level 3.1 Fighting
 + Level 3.9 Armour
 + Level 4.6 Dodging
 - Level 2.4 Stealth
 + Level 3.5 Spellcasting
 + Level 3.0 Conjurations
 - Level 0.8 Transmutations
 + Level 2.6 Fire Magic
 * Level 8.6 Earth Magic


You had one spell level left.
You knew the following spells:

 Your Spells              Type           Power        Failure   Level  Hunger
a - Sandblast             Erth           #####.       1%          1    None
b - Stone Arrow           Conj/Erth      ####..       1%          3    ###....
c - Throw Flame           Conj/Fire      ##....       1%          2    ##.....
d - Passwall              Tmut/Erth      ###.....     3%          2    ##.....
e - Lee's Rapid Deconstr  Erth           #####.....   3%          5    ######.

Your spell library contained the following spells:

 Spells                   Type           Power        Failure   Level  Hunger
 Inner Flame              Hex/Fire       #.......     7%          3    ###....
 Summon Small Mammal      Summ           #...         14%         1    None
 Petrify                  Tmut/Erth      ###.....     21%         4    ####...
 Call Imp                 Summ           #.......     22%         2    ##.....
 Call Canine Familiar     Summ           #.......     41%         3    ###....
 Summon Guardian Golem    Hex/Summ       #.......     41%         3    ###....
 Summon Ice Beast         Ice/Summ       #.......     82%         4    ####...
 Summon Lightning Spire   Summ/Air       #.......     82%         4    ####...


Dungeon Overview and Level Annotations

Branches:
Dungeon (6/15)            Ossuary (1/1)
 Temple: D:4-7

Altars:
Fedhas
Gozag
Hepliaklqana
Okawaru
Vehumet
Yredelemnul
The Shining One

Shops:
D:2 *   D:5 *!%[

Annotations:
D:3 1 runed translucent door, Hugehornet's ghost, amateur OpTm


Innate Abilities, Weirdness & Mutations

You are resistant to damage.
You can heal yourself by infusing magical energy.
You passively map a small area around you.
You do not regenerate.


Message History

The wyvern zombie is almost destroyed.
The wyvern zombie bites you!
* * * LOW HITPOINT WARNING * * *
You hit the wyvern zombie but do no damage.
The wyvern zombie is almost destroyed.
The wyvern zombie bites you but does no damage.
The wyvern zombie closely misses you.
You barely miss the wyvern zombie.
The wyvern zombie is almost destroyed.
The wyvern zombie misses you.
You hit the wyvern zombie.
The wyvern zombie is almost destroyed.
The wyvern zombie bites you!
* * * LOW HITPOINT WARNING * * *
The wyvern zombie bites you.
* * * LOW HITPOINT WARNING * * *
You hit the wyvern zombie.
The wyvern zombie is almost destroyed.
The wyvern zombie bites you!
You die...

### * ####### #.#
#.#.#.#
###'#+#+#+#'#'#'###
#.'@Z...........'.#
###.##+##'##'##.####
#.'.# #,#...#≈'.≈#
###.# , #.∩.#≈#≈##
#.'.# , #∩..#.'P##
###.#####'#####≈##≈≈
#.'.......≈≈≈≈≈...#≈
###.#####'#####.≈###
#.'.#...# #...#≈≈.#≈


You could see a wyvern zombie.

Vanquished Creatures
  Sigmund (D:3)
  A water moccasin zombie (Ossuary)
  2 scorpions
  2 howler monkeys (D:4)
  A crimson imp (D:5)
  2 centaur zombies (Ossuary)
  3 bullfrog zombies (Ossuary)
  A hound (D:5)
  A centaur skeleton (D:4)
  An orc priest (D:3)
  Jessica (D:3)
  Terence (D:3)
  Natasha (thrice) (D:2)
  An orc wizard (D:3)
  A worker ant (D:4)
  2 hound zombies (Ossuary)
  13 mummies (Ossuary)
  2 howler monkey zombies (Ossuary)
  2 worker ant zombies (Ossuary)
  Robin (D:3)
  7 adders
  15 gnolls
  4 adder zombies
  2 worms (D:2)
  2 dart slugs (D:2)
  A leopard gecko (D:2)
  6 orcs
  5 giant cockroaches
  23 goblins
  15 hobgoblins
  9 jackals
  9 kobolds
  4 quokkas
  A ball python (D:1)
  11 bats
  4 frilled lizards
  A jackal zombie (Ossuary)
  2 leopard gecko zombies (Ossuary)
  A quokka skeleton (D:5)
  A quokka zombie (Ossuary)
  11 rats
176 creatures vanquished.

Vanquished Creatures (others)
  A bat (D:2)
1 creature vanquished.

Grand Total: 177 creatures vanquished

Notes
Turn   | Place    | Note
-------+----------+-------------------------------------------
     0 | D:1      | Gwenloh the Deep Dwarf Earth Elementalist began the quest
                  | for the Orb.
     0 | D:1      | Reached XP level 1. HP: 15/15 MP: 3/3
   277 | D:1      | Reached XP level 2. HP: 22/22 MP: 4/4
   284 | D:1      | Learned a level 2 spell: Passwall
   798 | D:2      | Reached skill level 1 in Armour
   873 | D:2      | Found a radiant altar of Vehumet.
   881 | D:2      | Became a worshipper of Vehumet
   885 | D:2      | Reached XP level 3. HP: 30/30 MP: 6/6
   990 | D:2      | Learned a level 3 spell: Stone Arrow
   993 | D:2      | Found Gozag's Platinum Reserve.
   994 | D:2      | Found an opulent altar of Gozag.
  1010 | D:2      | Noticed Natasha
  1018 | D:2      | Killed Natasha
  1218 | D:2      | Reached skill level 1 in Fighting
  1218 | D:2      | Reached skill level 5 in Earth Magic
  1252 | D:2      | Reached XP level 4. HP: 30/38 MP: 7/7
  1481 | D:2      | Reached * piety under Vehumet
  1481 | D:2      | Offered knowledge of Shock by Vehumet.
  1500 | D:2      | Noticed Natasha
  1510 | D:2      | Killed Natasha
  1615 | D:2      | Reached skill level 1 in Conjurations
  1668 | D:2      | Found a glowing golden altar of the Shining One.
  1677 | D:2      | Reached XP level 5. HP: 44/44 MP: 4/7
  1695 | D:2      | Found a basalt altar of Yredelemnul.
  1716 | D:2      | Noticed Natasha
  1722 | D:2      | Killed Natasha
  1728 | D:2      | Noticed a profane servitor
  1893 | D:2      | Noticed an angel
  1937 | D:3      | Noticed Terence
  1946 | D:3      | Killed Terence
  2190 | D:3      | Noticed Sigmund
  2329 | D:3      | Noticed Robin
  2341 | D:3      | Killed Robin
  2450 | D:3      | Reached skill level 6 in Earth Magic
  2547 | D:3      | Offered knowledge of Throw Flame by Vehumet.
  2554 | D:3      | Learned a level 2 spell: Throw Flame
  2649 | D:3      | Reached ** piety under Vehumet
  2651 | D:3      | Reached XP level 6. HP: 32/51 MP: 4/8
  2662 | D:3      | Found an iron altar of Okawaru.
  2691 | D:3      | Noticed Jessica
  2698 | D:3      | Killed Jessica
  2781 | D:3      | Noticed Hugehornet's ghost (amateur OpTm)
  2801 | D:3      | Found a runed translucent door.
  2974 | D:3      | Offered knowledge of Conjure Flame by Vehumet.
  3125 | D:3      | Killed Sigmund
  3125 | D:3      | Reached skill level 1 in Fire Magic
  3125 | D:3      | Reached XP level 7. HP: 36/60 MP: 3/9
  3593 | D:4      | Reached *** piety under Vehumet
  3605 | D:4      | Reached skill level 7 in Earth Magic
  3879 | D:4      | Found a blossoming altar of Fedhas.
  4326 | D:5      | Entered Level 5 of the Dungeon
  4404 | D:5      | Found Dopiriys's Assorted Antiques.
  4452 | D:5      | Found Guubawn's Distillery.
  4472 | D:5      | Found Muribe's Food Boutique.
  4524 | D:5      | Offered knowledge of Mephitic Cloud by Vehumet.
  4623 | D:5      | Found a hazy altar of Hepliaklqana.
  4770 | D:5      | Found Peqes's Armour Shoppe.
  5152 | D:6      | Found a sand-covered staircase.
  5157 | Ossuary  | Entered an ossuary
  5165 | Ossuary  | Reached XP level 8. HP: 49/68 MP: 5/9
  5172 | Ossuary  | Learned a level 5 spell: Lee's Rapid Deconstruction
  5321 | Ossuary  | Reached skill level 8 in Earth Magic
  5356 | Ossuary  | Reached **** piety under Vehumet
  5616 | Ossuary  | Offered knowledge of Inner Flame by Vehumet.
  5735 | Ossuary  | Slain by a wyvern zombie

Levels and vault maps discovered:
D:1:      sevenhm_arrival_forest_fort_small_3, layout_basic
D:2:      cheibrodos_greedy_goblins, layout_loops_ring,
          grunt_temple_overflow_holy_war, lemuel_crystal_altar,
          nicolae_gozag_zags_fifth_avenue, first_ration, uniq_natasha
D:3:      layout_basic, okawaru_altar_gauntlet_db,
          hellmonk_ghost_happy_afterlife, glass_columns_b, kennysheep_boxes,
          uniq_terence, uniq_robin, uniq_sigmund, uniq_jessica
D:4:      layout_cave_pods, fedhas_altar_3
D:5:      layout_rooms, serial_shops, shop, shop, shop_statue, shop, basic_altar
D:6:      layout_loops_ring, marbit_many_paths, lemuel_crystal_altar,
          gammafunk_temple_overflow_arena, lightli_ossuary_entry_decrepit_ruins,
          nicolae_qazlal_general_emergency, uniq_eustachio
Ossuary:  ossuary_zaba_flooded

Skill      XL: |  1  2  3  4  5  6  7  8 |
---------------+-------------------------+-----
Armour         | 1 2 3 |  3.9
Spellcasting   | 2 3 |  3.5
Fighting       | 1 2 3 |  3.1
Earth Magic    | 5 6 7 8 |  8.6
Conjurations   | 1 2 3 |  3.0
Dodging        | 3 4 |  4.6
Fire Magic     | 1 2 |  2.6
Stealth        | |  2.4
Transmutations | |  0.8

Action                   |  1- 3 |  4- 6 |  7- 9 || total
-------------------------+-------+-------+-------++-------
Melee: Short sword       |    42 |    93 |       ||   135
       Whip              |       |    38 |    79 ||   117
Throw: Stone             |     4 |     5 |     1 ||    10
       Dart              |       |    29 |    32 ||    61
       Boomerang         |       |       |    37 ||    37
 Cast: Sandblast         |    17 |    48 |    88 ||   153
       Stone Arrow       |       |    13 |    26 ||    39
 Abil: Heal Wounds       |       |     3 |     1 ||     4
  Use: Scroll            |       |       |     3 ||     3
 Stab: Sleeping          |     5 |     1 |       ||     6
       Distracted        |       |     1 |       ||     1
  Eat: Chunk             |     1 |     9 |     7 ||    17
       Ration            |       |       |     1 ||     1
Armor: Robe              |    18 |    41 |    17 ||    76
Dodge: Dodged            |    42 |   104 |    58 ||   204
